 Dungeon Crawl Stone Soup version 0.31-a0-182-gc5ef74bbde (webtiles) character file.

Game seed: 2733455437894547876

485760 Gorgondantess the Bewitcher (level 23, -6/230 HPs)
             Began as a Vampire Transmuter on June 20, 2023.
             Was the Champion of Hepliaklqana.
             Mangled by Mennas
             ... wielding a +3 eudemon blade of holy wrath
              (24 damage)
             ... on level 4 of the Depths on June 22, 2023.
             The game lasted 04:54:24 (54955 turns).

Gorgondantess the Bewitcher (Vampire Transmuter)   Turns: 54955, Time: 04:54:25

Health: -6/230     AC: 34    Str: 11    XL:     23   Next: 79%
Magic:  24/36      EV: 25    Int: 23    God:    Hepliaklqana [******]
Gold:   4083       SH: 12    Dex: 19    Spells: 8/49 levels left

rFire   . .          .
                       - Unarmed
rCold   + . .        B - +0 kite shield {reflect}
rNeg    + + .        P - melded +2 robe {Archmagi}
rPois   ∞            Y - +2 helmet {Int+3}
rElec   +            h - +1 cloak of Starlight {*Dazzle EV+4 Stlth--}
rCorr   .            S - melded +0 pair of gloves
SInv    +            I - melded +2 pair of boots {rampage}
Will    +++..        Z - amulet of regeneration
Stlth   ++           Q - ring of willpower
HPRegen 1.58/turn    k - ring "Ihugos" {rC+ rN+ Stlth+}
MPRegen 0.25/turn

%: reflection
@: statue-form, healing quickly, hasted, glowing, silenced, quick
A: slow and powerful, torment resistance 1, boosted hp, reduced essence, alive,
fangs 3, see invisible, vampiric 2, low MP 1, robust 1
}: 2/15 runes: decaying, serpentine
a: Exsanguinate, End Transformation, Renounce Religion


You were on level 4 of the Depths.
You worshipped Hepliaklqana.
Hepliaklqana was exalted by your worship.
You were a living statue of rough stone.
You visited 10 branches of the dungeon, and saw 45 of its levels.
You also visited: Trove, Ossuary, Gauntlet, Ice Cave and Wizlab.

You collected 7211 gold pieces.
You spent 3128 gold pieces at shops.

Inventory:

Armour
 h - the +1 cloak of Starlight (worn) {*Dazzle EV+4 Stlth--}
   (You found it in a Gauntlet)

   *Dazzle:   It may blind those who miss an attack against the wearer in melee
   combat.
   EV:        It affects your evasion (+4).
   Stlth:     It makes you much less stealthy.
 l - a +2 buckler
 B - a +0 kite shield of reflection (worn)
 I - a +2 pair of boots of rampaging (melded)
 P - a +2 robe of the Archmagi (melded)
 S - a +0 pair of gloves (melded)
 Y - a +2 helmet of intelligence (worn)
Magical Staves
 b - the staff "Heddughidim" {rN+ Earth}
   (You found it on level 3 of the Elven Halls)

   [staff of earth]

   Base accuracy: +5 Base damage: 5 Base attack delay: 1.2 This weapon's minimum
   attack delay (0.6) is reached at skill level 12.
   rN:        It protects you from negative energy.
   Earth:     It increases the power of your Earth spells.
   It falls into the 'Staves' category.
   It is a one-handed weapon.
 G - the staff of Ambiguity {rElec Str+2 Air}
   (You found it on level 2 of the Depths)

   [staff of air]

   Base accuracy: +5 Base damage: 5 Base attack delay: 1.2 This weapon's minimum
   attack delay (0.6) is reached at skill level 12.
   Str:       It affects your strength (+2).
   rElec:     It insulates you from electricity.
   Air:       It increases the power of your Air spells.
   It falls into the 'Staves' category.
   It is a one-handed weapon.
Jewellery
 k - the ring "Ihugos" (right fist) {rC+ rN+ Stlth+}
   (You bought it in a shop on level 11 of the Dungeon)

   [ring of protection from cold]

   rC:        It protects you from cold.
   rN:        It protects you from negative energy.
   Stlth:     It makes you more stealthy.
 n - a +6 ring of dexterity
 u - the ring of Bodet {Wiz rElec rN+}
   (You bought it in a shop on level 11 of the Dungeon)

   [ring of wizardry]

   It improves your spell success rate.
   rElec:     It insulates you from electricity.
   rN:        It protects you from negative energy.
 H - the ring "Danwityl" {rPois rCorr Int+6 Dex+7 Stlth+}
   (You acquired it on level 2 of the Swamp)

   [ring of intelligence]

   Int:       It affects your intelligence (+6).
   Dex:       It affects your dexterity (+7).
   rPois:     It protects you from poison.
   rCorr:     It protects you from acid and corrosion.
   Stlth:     It makes you more stealthy.
 K - the ring of Birdsong {Drain rF+ AC+4 Int+2}
   (You took it off a yaktaur on level 4 of the Vaults)

   [ring of protection]

   AC:        It affects your AC (+4).
   Int:       It affects your intelligence (+2).
   rF:        It protects you from fire.
   Drain:     It drains your maximum health when unequipped.
 Q - a ring of willpower (left fist)
 X - the ring "Font" {rPois rF+ SInv}
   (You bought it in a shop on level 1 of the Dungeon)

   [ring of see invisible]

   rF:        It protects you from fire.
   rPois:     It protects you from poison.
   SInv:      It lets you see invisible.
 Z - an amulet of regeneration (around neck)
Wands
 m - a wand of roots (40)
 s - a wand of mindburst (33)
 E - a wand of acid (39)
 J - a wand of charming (49)
 R - a wand of flame (68)
 V - a wand of digging (33)
Scrolls
 d - 7 scrolls of fear
 g - 3 scrolls of silence
 i - 6 scrolls of teleportation
 q - 6 scrolls of fog
 r - 11 scrolls of blinking
 t - 3 scrolls of enchant armour
 w - 7 scrolls of poison
 L - 3 scrolls of butterflies
 M - 2 scrolls of amnesia
 N - 3 scrolls of torment
 O - 5 scrolls of revelation
 U - 3 scrolls of vulnerability
 W - a scroll of acquirement
Potions
 a - 2 potions of berserk rage
 c - 4 potions of haste
 e - 3 potions of ambrosia
 f - 3 potions of resistance
 j - 4 potions of magic
 o - 5 potions of mutation
 p - 7 potions of might
 v - 8 potions of invisibility
 x - 5 potions of cancellation
 z - 19 potions of curing
 A - 4 potions of enlightenment
 C - 3 potions of brilliance
 D - 4 potions of heal wounds
 T - 6 potions of lignification
Miscellaneous
 y - a phial of floods
 F - a condenser vane


   Skills:
 - Level 13.8 Fighting
 - Level 6.0 Armour
 - Level 15.2 Dodging
 - Level 14.0 Stealth
 - Level 10.0 Shields
 - Level 20.2 Unarmed Combat
 + Level 13.6 Spellcasting
 - Level 4.0 Conjurations
 + Level 20.9 Hexes
 - Level 8.0 Necromancy
 - Level 6.0 Translocations
 - Level 18.8 Transmutations
 - Level 3.0 Ice Magic
 - Level 10.0 Air Magic
 - Level 12.2 Earth Magic
 - Level 3.8 Poison Magic
 - Level 5.0 Invocations


You had 8 spell levels left.
You knew the following spells:

 Your Spells              Type           Power      Damage    Failure   Level
a - Irradiate             Conj/Tmut      31%        3d22      2%          5
b - Borgnjor's Vile Clut  Necr/Erth      29%        N/A       4%          5
c - Wereblood             Tmut           80%        N/A       0%          2
d - Silence               Hex/Air        36%        N/A       1%          5
e - Passwall              Tmut/Erth      60%        N/A       1%          2
f - Statue Form           Tmut/Erth      48%        N/A       2%          6
g - Cause Fear            Hex            42%        N/A       1%          4
h - Blink                 Tloc           86%        N/A       1%          2
i - Lesser Beckoning      Tloc           86%        N/A       1%          2
j - Vhi's Electric Charg  Tloc/Air       100%       N/A       1%          3
k - Alistair's Intoxicat  Tmut/Pois      40%        N/A       2%          5

Your spell library contained the following spells:

 Spells                   Type           Power      Damage    Failure   Level
 Beastly Appendage        Tmut           100%       N/A       0%          1
 Slow                     Hex            100%       N/A       0%          1
 Confusing Touch          Hex            84%        N/A       0%          3
 Tukima's Dance           Hex            84%        N/A       0%          3
 Apportation              Tloc           86%        N/A       1%          1
 Kiss of Death            Conj/Necr      100%       2d13      1%          1
 Magic Dart               Conj           100%       1d8       1%          1
 Shock                    Conj/Air       100%       1d9       1%          1
 Sting                    Tmut/Pois      100%       1d8       1%          1
 Cigotuvi's Dreadful Rot  Necr/Pois/Air  98%        N/A       1%          2
 Ensorcelled Hibernation  Hex/Ice        100%       N/A       1%          2
 Momentum Strike          Conj/Tloc      76%        3d10      1%          2
 Poisonous Vapours        Pois/Air       94%        N/A       1%          2
 Sublimation of Blood     Necr           51%        N/A       1%          2
 Dazzling Flash           Conj/Hex       100%       N/A       1%          3
 Ignite Poison            Fire/Tmut/Pois 50%        N/A       1%          3
 Inner Flame              Hex/Fire       59%        N/A       1%          3
 Portal Projectile        Hex/Tloc       100%       N/A       1%          3
 Spider Form              Tmut/Pois      61%        N/A       1%          3
 Stone Arrow              Conj/Erth      100%       3d13      1%          3
 Summon Guardian Golem    Hex/Summ       59%        N/A       1%          3
 Swiftness                Air            57%        N/A       1%          3
 Vampiric Draining        Necr           51%        2d9       1%          3
 Anguish                  Hex/Necr       35%        N/A       1%          4
 Fulminant Prism          Conj/Hex       32%        3d16      1%          4
 Ice Form                 Ice/Tmut       60%        N/A       1%          4
 Leda's Liquefaction      Hex/Erth       37%        N/A       1%          4
 Petrify                  Tmut/Erth      72%        N/A       1%          4
 Blade Hands              Tmut           40%        N/A       1%          5
 Lee's Rapid Deconstruct  Erth           32%        3d16*     1%          5
 Yara's Violent Unravell  Hex/Tmut       41%        3d16      1%          5
 Enfeeble                 Hex            42%        N/A       1%          7
 Mephitic Cloud           Conj/Pois/Air  43%        N/A       2%          3
 Freeze                   Ice            100%       1d10      3%          1
 Dragon Form              Tmut           40%        N/A       3%          7
 Foxfire                  Conj/Fire      96%        2x1d8     4%          1
 Animate Dead             Necr           51%        N/A       4%          4
 Dispel Undead            Necr           51%        3d19      4%          4
 Hailstorm                Conj/Ice       31%        3d8       8%          3
 Manifold Assault         Tloc           43%        N/A       9%          4
 Ozocubu's Armour         Ice            29%        N/A       10%         3
 Volatile Blastmotes      Fire/Tloc      58%        2d14      10%         3
 Summon Small Mammal      Summ           60%        N/A       11%         1
 Agony                    Necr           51%        N/A       11%         5
 Iskenderun's Mystic Bla  Conj/Tloc      38%        2d9       14%         4
 Summon Lightning Spire   Summ/Air       38%        N/A       14%         4
 Call Imp                 Summ           30%        N/A       16%         2
 Eringya's Noxious Bog    Tmut/Pois      30%        N/A       16%         6
 Arcjolt                  Conj/Air       23%        1d33      17%         5
 Olgreb's Toxic Radiance  Pois           33%        N/A       22%         4
 Storm Form               Tmut/Air       35%        N/A       24%         7
 Freezing Cloud           Conj/Ice/Air   20%        6-21      28%         5
 Call Canine Familiar     Summ           15%        N/A       32%         3
 Flame Wave               Conj/Fire      24%        2d8       43%         4
 Sticky Flame             Conj/Fire      24%        2d5       43%         4
 Iskenderun's Battlesphe  Conj           34%        2d9       50%         5
 Leda's Unmaking          Conj/Erth      26%        9d5       50%         6
 Summon Forest            Summ/Tloc      14%        N/A       65%         5
 Fireball                 Conj/Fire      12%        3d7       78%         5
 Dispersal                Tloc           21%        N/A       80%         6
 Simulacrum               Ice/Necr       20%        N/A       86%         6
 Plasma Beam              Fire/Air       19%        2x1d30    91%         6
 Starburst                Conj/Fire      12%        6d5       100%        6
 Haunt                    Necr/Summ      17%        N/A       100%        7
 Orb of Destruction       Conj           17%        9d7       100%        7
 Spellforged Servitor     Conj/Summ      12%        N/A       100%        7
 Summon Hydra             Summ           7%         N/A       100%        7
 Disjunction              Tloc           21%        N/A       100%        8
 Infestation              Necr           25%        N/A       100%        8
 Chain Lightning          Conj/Air       23%        3d31      100%        9
 Fire Storm               Conj/Fire      12%        8d3       100%        9
 Shatter                  Erth           32%        3d26*     100%        9
 Necromutation            Tmut/Necr      Unusable   N/A       N/A         8

Dungeon Overview and Level Annotations

Branches:
Dungeon (15/15)            Temple (1/1) D:5            Lair (5/5) D:8
  Swamp (4/4) Lair:2        Snake (4/4) Lair:3        Slime (0/5) Lair:4
    Orc (2/2) D:10            Elf (3/3) Orc:2        Vaults (4/5) D:13
  Crypt (3/3) Vaults:3       Tomb (0/3) Crypt:3      Depths (4/4) D:15
Ossuary (visited)           IceCv (visited)          WizLab (visited)
Gauntlet (visited)
    Zot: Depths:4

Altars:
Ashenzari
Cheibriados
Dithmenos
Fedhas
Gozag
Hepliaklqana
Kikubaaqudgha
Makhleb
Nemelex Xobeh
Okawaru
Qazlal
Ru
Sif Muna
Trog
Uskayaw
Vehumet
Wu Jian
Xom
Yredelemnul
Jiyva

Shops:
D:1 =:   D:4 !   D:6 ?   D:10 [   D:11 ==?   D:13 *   Orc:2 *[*(   Snake:3 :
Vaults:1 *   Depths:1 (

Portals:
Hell: Depths:2 Depths:3
Abyss: D:12 Depths:2 Depths:3
Pandemonium: Depths:2
Ziggurat: Depths:2

Annotations:
D:12 2 transporters, innerfire43's ghost, journeyman DsMo
Depths:1 1 exclusion
Depths:4 Mennas


Innate Abilities, Weirdness & Mutations

You are a living statue of rough stone.
Your actions are slow, but your melee attacks are powerful.
You are resistant to unholy torment.
Your maximum health is greatly increased.
You are immune to poison.
Your equipment is partially melded.
Your life essence is reduced to manifest your ancestor. (-10% HP)
Your natural rate of healing is accelerated.
You have razor-sharp teeth.
You have supernaturally acute eyesight. (SInv)
You are afflicted with vampirism and can become a bat while bloodless.
Your magical capacity is low. (-10% MP)
You are robust. (+10% HP)


Message History

Mennas hits you but does no damage. x3
Mennas hits you with a +3 eudemon blade of holy wrath.
* * * LOW HITPOINT WARNING * * *
You convulse.
* * * LOW HITPOINT WARNING * * *
Mennas blocks your attack.
Mennas is lightly wounded.
You block Mennas's attack.
Mennas hits you with a +3 eudemon blade of holy wrath.
* * * LOW HITPOINT WARNING * * *
You convulse.
* * * LOW HITPOINT WARNING * * *
Unknown command.
Mennas blocks your attack.
Mennas is lightly wounded.
You block Mennas's attack. x2
Unknown command.
Unknown command.
You pummel Mennas!!
Mennas is moderately wounded.
Mennas barely misses you. Mennas closely misses you.
Unknown command.
Unknown command.
Mennas blocks your attack.
Your bite misses Mennas.
Mennas is moderately wounded.
Mennas misses you.
Mennas is blinded by the light from your cloak!
Mennas hits you with a +3 eudemon blade of holy wrath.
* * * LOW HITPOINT WARNING * * *
You convulse.
* * * LOW HITPOINT WARNING * * *
Unknown command.
You catch the helpless Mennas completely off-guard!
You hit Mennas but do no damage. You bite Mennas, but do no damage.
Mennas is lightly wounded.
Mennas hits you but does no damage.
Mennas hits you with a +3 eudemon blade of holy wrath!!
* * * LOW HITPOINT WARNING * * *
You convulse!!
You die...

#.#.###.# #..(.#
#.......# #.#..#
###.##### #<#..#
#.##########....
#.#..........##.#
#.#.##########
... #..........
## ###.#######
#8# #A# #.#
........#
#######.# ###


You could see Mennas (silencing, blind).

Vanquished Creatures
  A dread lich (Depths:2)
  Sojobo (Depths:2)
  Parghit (Depths:3)
  A caustic shrike (Depths:2)
  A curse toe (Crypt:3)
  A profane servitor (Crypt:3)
  A golden dragon (Depths:4)
  Nikola (Snake:1)
  Jorgrun (Swamp:1)
  A tentacled monstrosity (Vaults:3)
  2 deep elf blademasters
  A lich (Depths:1)
  3 deep elf master archers (Elf:3)
  A titan (Depths:3)
  A sphinx (Vaults:1)
  Agnes (Elf:1)
  10 ancient champions
  Kirke (Lair:4)
  5 thorn hunters
  2 shadow dragons
  Roxanne (D:15)
  2 tengu reavers
  3 nagarajas (Snake:4)
  Donald (Vaults:3)
  A fenstrider witch (Swamp:4)
  6 frost giants
  5 fire giants
  5 vault wardens
  2 revenants (Crypt:3)
  A draconian knight (WizLab)
  2 curse skulls
  Aizul (Snake:4)
  2 hydra zombies
  A deep elf sorcerer (Elf:1)
  15 ghouls
  4 spectral caustic shrikes (Depths:2)
  A draconian annihilator (WizLab)
  2 deep elf elementalists (Elf:3)
  18 ironbound preservers
  14 very ugly things
  A war gargoyle (Vaults:4)
  A caustic shrike skeleton (Depths:1)
  3 stone giants
  8 ironbound thunderhulks
  3 formless jellyfish
  3 eleionomae
  2 reapers
  8 vampire knights
  Azrael (Snake:1)
  3 deep elf annihilators (Elf:3)
  Nessos (D:13)
  6 deep elf demonologists
  10 purple draconians
  3 bunyips (Swamp:1)
  A yellow draconian (Depths:4)
  4 dire elephants
  A minotaur (Gauntlet)
  2 crystal guardians (Vaults:3)
  5 deep elf death magi (Elf:3)
  6 eidola
  Snorg (Lair:5)
  6 statues (WizLab)
  3 deep elf high priests (Elf:3)
  7 ettins
  Josephine (D:13)
  4 fire dragons
  A mummy priest (Crypt:3)
  An entropy weaver (Vaults:2)
  12 yaktaur captains
  A quicksilver dragon zombie (Crypt:2)
  3 rakshasas
  2 shambling mangroves (Swamp:4)
  9 jiangshi
  5 great orbs of eyes
  A quicksilver dragon skeleton (Crypt:3)
  Fannar (D:10)
  11 hydras
  2 salamander tyrants (Snake:4)
  A ghost crab (Swamp:4)
  3 spriggan air magi
  2 ogre magi (Orc:2)
  2 ice dragons
  2 peacekeepers
  5 vault guards
  10 centaur warriors
  13 two-headed ogres
  21 dancing weapons
  4 ironbound frosthearts
  A merfolk avatar (Lair:5)
  A death knight (Crypt:2)
  9 anacondas
  A catoblepas (D:14)
  21 naga warriors
  4 tengu warriors
  5 boulder beetles
  7 alligators
  An orc high priest (Elf:1)
  5 deep troll shamans
  A bennu skeleton (Crypt:1)
  3 deep troll earth magi
  13 naga sharpshooters
  5 vampire magi
  A spriggan berserker (Depths:3)
  4 hell knights (Depths:3)
  6 shock serpents
  The ghost of Brisketman the Ripper, a journeyman FeTm of Wu Jian (Orc:2)
  10 deep elf knights
  2 salamander mystics (Snake:4)
  2 shadow wraiths (Crypt:3)
  2 soul eaters (Crypt:1)
  48 deep trolls
  3 iron trolls
  A death drake (Swamp:3)
  13 skeletal warriors
  2 skysharks
  4 goliath frogs
  7 spriggan druids
  A sixfirhy (D:10)
  9 swamp dragons
  A golden dragon zombie (Crypt:2)
  A quicksilver dragon simulacrum (Crypt:3)
  2 sea snakes (Snake:2)
  3 glowing orange brains
  A spriggan simulacrum (Crypt:1)
  Lodul (D:10)
  10 lindwurms
  10 flayed ghosts
  10 bog bodies
  7 naga ritualists
  7 deep elf archers
  8 spectral hydras
  12 phantasmal warriors
  3 wizards
  11 ironbound convokers
  2 harpies (Vaults:2)
  Pikel (D:7)
  An anaconda skeleton (Crypt:1)
  7 necromancers
  14 deep elf pyromancers
  3 human zombies (Vaults:1)
  3 orc knights
  9 deep elf zephyrmancers
  5 goliath frog zombies (Swamp:3)
  18 ugly things
  9 mana vipers
  A tengu skeleton (Depths:1)
  A glowing shapeshifter (Depths:2)
  3 oklob plants (Swamp:4)
  An iron dragon zombie (Crypt:3)
  A spectral boulder beetle (Gauntlet)
  3 orc sorcerers
  2 shadow dragon skeletons
  5 cyclopes
  2 will-o-the-wisps (Swamp:4)
  4 manticores
  22 black mambas
  5 salamanders
  A titan simulacrum (Crypt:3)
  A stone giant skeleton (Crypt:3)
  19 vault sentinels
  A fire giant skeleton (Depths:1)
  2 ice statues (IceCv)
  2 guardian serpents
  11 elephants
  2 rust devils (Depths:2)
  A moth of wrath (Orc:2)
  12 naga magi
  2 torpor snails
  Maggie (D:7)
  An orange demon (Depths:2)
  2 gargoyles (D:11)
  2 unseen horrors (D:10)
  12 cane toads
  3 kobold demonologists (D:13)
  10 komodo dragons
  An efreet (D:15)
  6 freezing wraiths
  6 rime drakes
  An orb spider zombie (Crypt:3)
  A spectral naga (Snake:2)
  4 swamp worm zombies (Swamp:3)
  A rime drake (shapeshifter) (D:14)
  17 tengu conjurers
  3 elf skeletons
  22 yaktaurs
  A red devil (Depths:2)
  3 guardian mummies (Crypt:3)
  2 hellwings (Depths:2)
  5 polar bears
  13 trolls
  A spriggan skeleton (Depths:1)
  A catoblepas skeleton (Crypt:3)
  3 meliai (D:13)
  A large abomination (Swamp:3)
  4 death drake zombies (Swamp:4)
  A harpy zombie (Crypt:1)
  A tarantella (shapeshifter) (Vaults:4)
  10 tyrant leeches
  11 hornets
  14 blink frogs
  A hydra skeleton (Crypt:2)
  A spectral swamp dragon (Swamp:3)
  A human simulacrum (Vaults:1)
  2 death drake skeletons (Swamp:4)
  A boulder beetle zombie (Crypt:2)
  3 flying skulls (Crypt:1)
  A stone giant simulacrum (Vaults:1)
  A dream sheep (shapeshifter) (Depths:2)
  A merfolk skeleton (Crypt:1)
  A jumping spider (shapeshifter) (Vaults:4)
  32 slime creatures
  2 alligator zombies (Swamp:3)
  8 water elementals
  2 air elementals
  A culicivora (shapeshifter) (D:15)
  8 spriggans
  2 shadows (D:11)
  A vampire (D:11)
  An ushabti (Crypt:3)
  29 yaks
  3 basilisks
  A naga simulacrum (Crypt:3)
  13 wraiths
  An ettin skeleton (Vaults:1)
  7 wyverns
  A hog (shapeshifter) (Vaults:4)
  4 tyrant leech zombies (Swamp:3)
  Eustachio (D:4)
  2 humans (Lair:4)
  A steam dragon (Lair:5)
  Edmund (D:5)
  4 fire elementals
  A naga zombie (Crypt:2)
  6 vampire mosquitoes
  31 nagas
  A redback (Vaults:2)
  20 swamp worms
  8 wargs
  13 water moccasins
  A merfolk zombie (Crypt:2)
  3 hydra simulacra (Swamp:4)
  3 hell hounds (Snake:1)
  2 swamp drakes (Swamp:4)
  A deep troll skeleton (Crypt:3)
  A water nymph skeleton (Crypt:1)
  3 black bears
  An ogre skeleton (Vaults:1)
  2 sky beasts (D:6)
  22 ogres
  2 ettin simulacra
  14 orc warriors
  14 wolves
  10 centaurs
  2 lemures (D:7)
  2 phantoms
  2 gnoll sergeants
  A komodo dragon zombie (Crypt:1)
  3 necrophages
  A kobold brigand (D:13)
  A salamander skeleton (Crypt:2)
  10 bullfrogs
  3 earth elementals
  3 scorpions
  2 spriggan zombies
  4 troll zombies
  2 killer bees (D:8)
  5 howler monkeys
  6 electric eels
  7 hounds
  10 orc priests
  A jelly (D:4)
  Crazy Yiuf (D:2)
  An iron imp (D:14)
  A gnoll bouda (D:4)
  3 iguanas
  A sleepcap (D:3)
  8 hexers
  17 orc wizards
  A polar bear simulacrum (IceCv)
  A wolf simulacrum (IceCv)
  16 mummies
  16 gnolls
  7 adders
  A white imp (D:6)
  An ufetubus (D:5)
  2 dart slugs (D:5)
  43 orcs
  8 ball pythons
  7 endoplasms
  6 giant cockroaches
  A gnoll zombie (Crypt:1)
  8 goblins
  10 hobgoblins
  16 jackals
  22 kobolds
  3 quokkas
  5 bats (D:2)
  A frilled lizard (D:1)
  A hobgoblin zombie (Ossuary)
  2 orc zombies
  5 rats
  A spectral weapon (Swamp:4)
1528 creatures vanquished.

Vanquished Creatures (collateral kills)
  Saint Roka (Vaults:3)
  A tentacled monstrosity (Vaults:3)
  Zenata (Crypt:2)
  A walking crystal tome (Depths:3)
  A sphinx (Depths:3)
  2 tengu reavers
  A revenant (Crypt:2)
  A nagaraja (Snake:2)
  A fire giant (Depths:4)
  A spectral caustic shrike (Depths:2)
  2 deep elf sorcerers (Elf:3)
  2 frost giants
  4 vault wardens
  A curse skull (Crypt:1)
  3 ironbound preservers
  A spriggan defender (Depths:2)
  A caustic shrike skeleton (Crypt:2)
  3 deep elf demonologists (Elf:3)
  3 stone giants
  2 very ugly things
  A cacodemon (Depths:2)
  An ironbound thunderhulk (Vaults:2)
  2 vampire knights
  2 eleionomae
  2 deep elf annihilators (Elf:3)
  A formless jellyfish (Vaults:1)
  A purple draconian (WizLab)
  A red draconian (Depths:4)
  A bunyip (Swamp:3)
  An ettin (Depths:1)
  3 statues (WizLab)
  5 deep elf death magi (Elf:3)
  A mummy priest (Crypt:3)
  A jiangshi (Depths:1)
  2 fire dragons
  A yaktaur captain (Vaults:3)
  2 great orbs of eyes (Vaults:2)
  An ice dragon (Depths:3)
  2 ironbound frosthearts
  2 anacondas
  2 vault guards (Vaults:4)
  A catoblepas (Lair:4)
  A spriggan skeleton (Crypt:3)
  An alligator (Swamp:1)
  8 dancing weapons
  A death knight (Crypt:3)
  2 centaur warriors (Vaults:1)
  A boulder beetle (D:11)
  A naga warrior (Snake:2)
  A tengu warrior (Depths:3)
  A vampire mage (Depths:1)
  A two-headed ogre (Orc:1)
  4 naga sharpshooters
  2 hell knights (Depths:3)
  A shock serpent (Snake:3)
  Sonja (Lair:4)
  5 deep elf knights
  A skyshark (Lair:2)
  4 skeletal warriors (Crypt:3)
  A spriggan druid (Swamp:3)
  2 iron trolls (Depths:2)
  3 naga ritualists
  3 flayed ghosts
  15 deep trolls
  4 bog bodies
  3 swamp dragons
  A deep elf archer (Elf:1)
  2 ironbound convokers
  2 harpies (Vaults:2)
  An anaconda skeleton (Crypt:2)
  4 lindwurms
  2 phantasmal warriors
  An orc knight (Orc:2)
  2 goliath frog zombies (Swamp:3)
  A mana viper (Snake:4)
  A necromancer (Crypt:2)
  8 deep elf pyromancers
  5 deep elf zephyrmancers
  An orc sorcerer (Orc:1)
  A manticore (shapeshifter) (Depths:4)
  4 ugly things
  2 salamanders
  3 cyclopes
  3 naga magi
  9 black mambas
  A torpor snail (Lair:5)
  2 unseen horrors (D:11)
  3 komodo dragons
  3 rime drakes
  3 yaktaurs (Vaults:4)
  A swamp worm zombie (Swamp:3)
  A freezing wraith (Crypt:3)
  3 tengu conjurers (WizLab)
  A death yak skeleton (Crypt:1)
  4 hornets
  5 trolls
  2 tyrant leeches
  A hellwing (Depths:2)
  A harpy skeleton (Crypt:2)
  4 blink frogs
  A snapping turtle (Lair:5)
  A spectral black mamba (Gauntlet)
  Prince Ribbit (D:7)
  An air elemental (Elf:2)
  A spriggan (Swamp:2)
  2 slime creatures
  A shadow (D:11)
  2 water elementals (Depths:3)
  An ushabti (Crypt:3)
  6 wraiths
  9 yaks
  A human (Lair:4)
  A basilisk (Lair:4)
  A vampire mosquito (Swamp:1)
  3 wargs (Orc:2)
  6 nagas
  4 swamp worms
  A deep troll zombie (Crypt:1)
  5 water moccasins
  12 orc warriors
  5 ogres
  10 wolves
  5 centaurs
  A swamp dragon skeleton (Swamp:4)
  2 kobold brigands (D:10)
  4 bullfrogs
  A gnoll sergeant (D:10)
  4 killer bees (D:8)
  An elephant simulacrum (IceCv)
  A howler monkey (D:9)
  A centaur zombie (Crypt:3)
  2 hounds
  A gnoll bouda (D:7)
  3 jellies
  A black bear zombie (Crypt:2)
  2 orc priests
  Ijyb (D:5)
  A sleepcap (D:8)
  3 orc wizards
  An ogre zombie (Crypt:3)
  4 mummies
  10 gnolls
  21 orcs
  A hobgoblin zombie (Ossuary)
  3 kobolds
  4 kobold zombies (Ossuary)
  An orc zombie (Ossuary)
378 creatures vanquished.

Vanquished Creatures (others)
  2 naga sharpshooters (Snake:1)
  A deep elf zephyrmancer (Elf:1)
  A black mamba (Snake:1)
  A tengu conjurer (WizLab)
  2 bloated husks
  A tyrant leech (Swamp:3)
  An ushabti (Crypt:3)
  A centaur (D:15)
  2 orc wizards (Orc:2)
  76 hexers
  3 ancestors (D:5)
  6 foxfires (Swamp:4)
97 creatures vanquished.

Grand Total: 2003 creatures vanquished

Notes
Turn   | Place    | Note
-------+----------+-------------------------------------------
     0 | D:1      | Gorgondantess the Vampire Transmuter began the quest for
                  | the Orb.
     0 | D:1      | Reached XP level 1. HP: 14/14 MP: 3/3
    86 | D:1      | Reached XP level 2. HP: 16/20 MP: 3/5
   109 | D:1      | Found Empylaas's Book Shoppe.
   280 | D:1      | Gained mutation: You are afflicted with vampirism and can
                  | become a bat while bloodless. [Vampire growth]
   280 | D:1      | Reached XP level 3. HP: 25/25 MP: 4/6
   366 | D:1      | Found Cityhes's Jewellery Boutique.
   747 | D:2      | Reached skill level 5 in Unarmed Combat
   797 | D:2      | Learned a level 3 spell: Spider Form
   821 | D:2      | Reached skill level 1 in Fighting
  1087 | D:2      | Reached XP level 4. HP: 28/32 MP: 5/7
  1421 | D:2      | Found a runed translucent door.
  1422 | D:2      | Noticed Crazy Yiuf
  1846 | D:3      | Found a shimmering blue altar of Sif Muna.
  2174 | D:3      | Reached skill level 1 in Poison Magic
  2571 | D:4      | Reached XP level 5. HP: 31/37 MP: 8/8
  2841 | D:4      | Found a hazy altar of Hepliaklqana.
  2870 | D:4      | Became a worshipper of Hepliaklqana the Forgotten
  3080 | D:4      | Noticed a wyvern
  3080 | D:4      | Noticed a black bear
  3090 | D:4      | Killed a wyvern
  3091 | D:4      | Reached XP level 6. HP: 17/44 MP: 6/9
  3322 | D:4      | Reached XP level 7. HP: 42/51 MP: 6/10
  3350 | D:4      | Noticed Eustachio
  3371 | D:4      | Killed Eustachio
  3450 | D:4      | Found Sutijatza's Distillery.
  3457 | D:4      | Bought a potion of heal wounds for 70 gold pieces
  3603 | D:2      | Killed Crazy Yiuf
  3660 | D:5      | Entered Level 5 of the Dungeon
  3721 | D:5      | Reached skill level 1 in Stealth
  3848 | D:5      | Identified the +3 war axe "Nesanain" {heavy, rN+}
  3859 | D:5      | Found a staircase to the Ecumenical Temple.
  3877 | Temple   | Entered the Ecumenical Temple
  4203 | D:5      | Reached * piety under Hepliaklqana
  4251 | D:5      | Reached XP level 8. HP: 53/53 MP: 7/11
  4336 | D:5      | Noticed Ijyb
  4346 | D:5      | Killed Ijyb
  4595 | D:5      | Reached skill level 5 in Transmutations
  5073 | D:5      | Noticed Edmund
  5115 | D:5      | Killed Edmund
  5166 | D:5      | Found a burning altar of Makhleb.
  5171 | D:5      | Found a snail-covered altar of Cheibriados.
  5484 | D:6      | Reached XP level 9. HP: 46/59 MP: 8/12
  5588 | D:6      | Reached skill level 5 in Stealth
  5867 | D:6      | Found Urgheukaz's Magic Scroll Boutique.
  5873 | D:6      | Bought a scroll of blinking for 112 gold pieces
  6072 | D:7      | Identified a scroll of acquirement
  6096 | D:7      | Reached ** piety under Hepliaklqana
  6097 | D:7      | Remembered your ancestor Kendra as a hexer
  6118 | D:7      | Found a sand-covered staircase.
  6124 | Ossuary  | Entered an ossuary
  6183 | Ossuary  | Reached skill level 10 in Unarmed Combat
  6312 | D:7      | Acquired 758 gold pieces
  6405 | D:4      | Bought a potion of might for 56 gold pieces
  6522 | D:1      | Bought the ring "Font" {rPois rF+ SInv} for 332 gold pieces
  6522 | D:1      | Bought an amulet of reflection for 300 gold pieces
  6648 | D:6      | Bought a scroll of butterflies for 60 gold pieces
  6648 | D:6      | Bought a scroll of amnesia for 60 gold pieces
  6680 | D:7      | Reached skill level 5 in Fighting
  6686 | D:7      | Reached skill level 5 in Dodging
  6778 | D:7      | Noticed Maggie
  6870 | D:7      | Identified the +6 scale mail of the Sky {rCorr MP+9 Dex+2
                  | Stlth+}
  6934 | D:7      | Noticed Prince Ribbit
  6945 | D:7      | Killed Prince Ribbit
  7010 | D:7      | Noticed Pikel
  7027 | D:7      | Killed Pikel
  7028 | D:7      | Reached skill level 1 in Armour
  7275 | D:7      | Killed Maggie
  7276 | D:7      | Reached XP level 10. HP: 56/66 MP: 10/13
  7791 | D:8      | Found a staircase to the Lair.
  8340 | D:9      | Found a sacrificial altar of Ru.
  8341 | D:9      | Reached *** piety under Hepliaklqana
  8461 | D:9      | Learned a level 2 spell: Wereblood
  8562 | D:9      | HP: 1/68 [yak (5)]
  9094 | D:10     | Entered Level 10 of the Dungeon
  9118 | D:10     | Found Busud's Armour Emporium.
  9125 | D:10     | Noticed Lodul
  9140 | D:10     | Killed Lodul
  9141 | D:10     | Reached XP level 11. HP: 74/74 MP: 12/14
  9168 | D:10     | Bought a +0 pair of gloves for 72 gold pieces
  9219 | D:10     | Found a basalt altar of Yredelemnul.
  9296 | D:10     | Found a runed translucent door.
  9296 | D:10     | Noticed a sixfirhy
  9478 | D:10     | Reached **** piety under Hepliaklqana
  9575 | D:10     | Found a staircase to the Orcish Mines.
  9659 | D:10     | Noticed Fannar
  9666 | D:10     | Learned a level 4 spell: Ice Form
  9688 | D:10     | Killed Fannar
 10465 | D:10     | Killed a sixfirhy
 10466 | D:10     | Reached skill level 1 in Invocations
 10506 | D:11     | Found Usteskux's One-of-a-Kind Rings.
 10560 | D:11     | Found Qoel's Jewellery Emporium.
 10631 | D:11     | Found a portal to a secret trove of treasure.
 10657 | D:11     | Noticed a boulder beetle
 10670 | D:11     | Killed a boulder beetle
 10730 | D:11     | Found Wyno's Magic Scroll Emporium.
 10739 | D:11     | Noticed a boulder beetle
 10764 | D:11     | Killed a boulder beetle
 10971 | D:11     | Reached skill level 10 in Stealth
 11259 | D:11     | Noticed a two-headed ogre
 11266 | D:11     | Killed a two-headed ogre
 11267 | D:11     | Reached XP level 12. HP: 66/81 MP: 14/16
 11602 | D:11     | Noticed a two-headed ogre
 11726 | D:11     | Killed a two-headed ogre
 11836 | D:11     | Noticed a two-headed ogre
 11859 | D:10     | Killed a two-headed ogre
 12172 | Orc:1    | Entered Level 1 of the Orcish Mines
 12211 | Orc:1    | Reached skill level 1 in Shields
 12415 | Orc:1    | Reached ***** piety under Hepliaklqana
 12586 | Orc:1    | Reached skill level 5 in Armour
 12827 | Orc:2    | Entered Level 2 of the Orcish Mines
 12841 | Orc:2    | Noticed an ettin
 12848 | Orc:2    | Found a staircase to the Elven Halls.
 13136 | Lair:1   | Entered Level 1 of the Lair of Beasts
 13275 | Lair:1   | Reached skill level 5 in Shields
 13671 | Lair:1   | Reached XP level 13. HP: 87/87 MP: 17/17
 14009 | Lair:2   | You fall into a shaft and drop 2 floors!
 14129 | Lair:4   | Noticed Sonja
 14167 | Lair:4   | Killed Sonja
 14168 | Lair:4   | Reached skill level 1 in Ice Magic
 14199 | Lair:4   | Found a frozen archway.
 14276 | IceCv    | Entered an ice cave
 14288 | IceCv    | Found a transporter.
 14297 | IceCv    | Found a transporter.
 14535 | Lair:4   | Found a shadowy altar of Dithmenos.
 14603 | Lair:4   | Found a viscous altar of Jiyva.
 14603 | Lair:4   | Found a staircase to the Slime Pits.
 14675 | Lair:4   | Noticed Kirke
 14720 | Lair:4   | Killed Kirke
 15072 | Lair:4   | Identified the +4 spear "Ugusereu" {freeze, *Noise +Blink
                  | Stlth+}
 15348 | Lair:5   | Entered Level 5 of the Lair of Beasts
 15555 | Lair:5   | Reached ****** piety under Hepliaklqana
 15694 | Lair:5   | Noticed a dire elephant
 15786 | Lair:5   | Killed a dire elephant
 16138 | Lair:4   | HP: 5/106 [something/blast of calcifying dust (5)]
 16250 | Lair:3   | Reached skill level 10 in Transmutations
 16255 | Lair:3   | Reached XP level 14. HP: 95/95 MP: 16/20
 16406 | Lair:3   | Found a sparkling altar of Nemelex Xobeh.
 16474 | Lair:3   | Found a staircase to the Snake Pit.
 16683 | Lair:2   | Reached skill level 10 in Dodging
 16810 | Lair:2   | Reached skill level 5 in Invocations
 16835 | Lair:2   | Reached skill level 5 in Spellcasting
 17019 | Lair:2   | Found a staircase to the Swamp.
 17891 | Lair:3   | Learned a level 2 spell: Passwall
 18031 | Lair:3   | Reached skill level 15 in Unarmed Combat
 18639 | Orc:2    | Found a transporter.
 18673 | Orc:2    | Noticed Brisketman's ghost (journeyman FeTm)
 18716 | Orc:2    | Found Haym Ova's General Store.
 19060 | Orc:2    | Paralysed by an ogre mage for 4 turns
 19196 | Orc:2    | Found a transporter.
 19302 | Orc:2    | Reached skill level 10 in Fighting
 19325 | Orc:2    | Found Kuos's General Store.
 19326 | Orc:2    | Found Vikukuk's Weapon Boutique.
 19330 | Orc:2    | Found Timaanits's Armour Shoppe.
 19749 | Lair:5   | Reached XP level 15. HP: 103/103 MP: 20/24
 19752 | Lair:5   | Noticed Snorg
 19757 | Lair:5   | Killed Snorg
 19992 | Lair:5   | Identified the ring "Laollisch" {Contam rPois rCorr Str+3
                  | Dex+9}
 20017 | Lair:5   | Identified the +6 trident "Aserairo" {freeze, Str+3 SInv}
 20021 | Lair:5   | Identified the +0 chain mail of Poaciha {rN+}
 20514 | D:12     | Found a gate leading to a gauntlet.
 20552 | Gauntlet | Entered a Gauntlet
 20552 | Gauntlet | Found a transporter.
 20552 | Gauntlet | Found a transporter.
 20554 | Gauntlet | Found a transporter.
 20554 | Gauntlet | Found a transporter.
 20558 | Gauntlet | Found a transporter.
 20559 | Gauntlet | Found a transporter.
 20590 | Gauntlet | Found a transporter.
 20594 | Gauntlet | Found a transporter.
 20612 | Gauntlet | Found a transporter.
 20619 | Gauntlet | Found a transporter.
 20633 | Gauntlet | Found a transporter.
 20637 | Gauntlet | Found a transporter.
 20637 | Gauntlet | Found the +1 cloak of Starlight {*Dazzle EV+4 Stlth--}
 20798 | Gauntlet | Identified the amulet "Qahiokurag" {Reflect rPois SH+5}
 20945 | Gauntlet | Identified the +1 war axe of Floral Valiance {flame, rPois
                  | Dex-3 SInv Stlth+}
 20972 | Gauntlet | Identified the staff "Enuepol" {rPois rF+ rCorr Poison}
 20972 | Gauntlet | Identified the +5 scimitar "Genwitt" {elec, rF+ Stlth+}
 21228 | D:12     | Found a transporter.
 21376 | D:12     | Found a transporter.
 21414 | D:12     | Found a one-way gate to the infinite horrors of the Abyss.
 21414 | D:12     | Noticed innerfire43's ghost (journeyman DsMo)
 21715 | D:13     | Noticed Nessos
 21718 | D:13     | Found Zuywn's Gadget Gallery.
 21720 | D:13     | Killed Nessos
 22345 | D:13     | Noticed Josephine
 22353 | D:13     | Killed Josephine
 22591 | D:14     | Found a snail-covered altar of Cheibriados.
 23346 | D:15     | Entered Level 15 of the Dungeon
 23549 | D:15     | Identified Roxanne's Volume of Reconstruction
 23549 | D:15     | Noticed Roxanne
 23578 | D:15     | Killed Roxanne
 23679 | D:15     | Reached skill level 1 in Earth Magic
 23730 | D:15     | Found a staircase to the Depths.
 23820 | Depths:1 | Entered Level 1 of the Depths
 23884 | Depths:1 | Found a magical portal.
 23889 | WizLab   | Entered Iskenderun's Mystic Tower
 24465 | WizLab   | HP: 2/105 [disintegration (61)]
 24621 | WizLab   | Reached XP level 16. HP: 107/111 MP: 22/26
 24686 | WizLab   | Learned a level 6 spell: Statue Form
 24821 | WizLab   | Reached skill level 5 in Earth Magic
 25328 | WizLab   | HP: 5/133 [poisoned by a purple draconian knight]
 25333 | WizLab   | HP: 5/133 [poisoned by a purple draconian knight]
 25453 | WizLab   | Got Iskenderun's Elucidation of Bolts
 25453 | WizLab   | Got Iskenderun's Grimoire of Confrontation
 25488 | WizLab   | Learned a level 4 spell: Cause Fear
 25533 | WizLab   | Reached skill level 1 in Hexes
 25762 | Depths:1 | Found Vitygieh's Weapon Boutique.
 25870 | D:15     | Learned a level 2 spell: Blink
 25903 | D:15     | Found a radiant altar of Vehumet.
 26373 | D:13     | Found a gate to the Vaults.
 26617 | Swamp:1  | Entered Level 1 of the Swamp
 26674 | Swamp:1  | Reached skill level 1 in Translocations
 26872 | Swamp:1  | Noticed Jorgrun
 26886 | Swamp:1  | Killed Jorgrun
 27054 | Swamp:1  | Got the Elucidation of the Sphinx
 27348 | Swamp:2  | Noticed a thorn hunter
 27359 | Swamp:2  | Killed a thorn hunter
 27539 | Swamp:2  | Reached skill level 5 in Hexes
 27545 | Swamp:2  | Learned a level 2 spell: Lesser Beckoning
 27595 | Swamp:2  | Acquired the ring "Danwityl" {rPois rCorr Int+6 Dex+7
                  | Stlth+}
 27603 | Swamp:2  | Gained mutation: You are occasionally teleported next to
                  | monsters. [mutagenic glow]
 27656 | Swamp:2  | Lost mutation: You are occasionally teleported next to
                  | monsters. [potion of mutation]
 27656 | Swamp:2  | Gained mutation: You are vulnerable to heat. (rF-) [potion
                  | of mutation]
 27656 | Swamp:2  | Gained mutation: You have a pair of small antennae on your
                  | head. [potion of mutation]
 27656 | Swamp:2  | Gained mutation: Your muscles are strong. (Str +4, Int/Dex
                  | -1) [potion of mutation]
 27796 | Lair:1   | Lost mutation: Your muscles are strong. (Str +4, Int/Dex
                  | -1) [potion of mutation]
 27796 | Lair:1   | Lost mutation: You are vulnerable to heat. (rF-) [potion of
                  | mutation]
 27796 | Lair:1   | Lost mutation: You have a pair of small antennae on your
                  | head. [potion of mutation]
 27796 | Lair:1   | Gained mutation: You are clumsy. (Dex -2) [potion of
                  | mutation]
 27796 | Lair:1   | Gained mutation: You are vulnerable to cold. (rC-) [potion
                  | of mutation]
 27796 | Lair:1   | Gained mutation: Your magical capacity is low. (-10% MP)
                  | [potion of mutation]
 27796 | Lair:1   | Gained mutation: You are robust. (+10% HP) [potion of
                  | mutation]
 27797 | Lair:1   | Lost mutation: You are vulnerable to cold. (rC-) [potion of
                  | mutation]
 27797 | Lair:1   | Lost mutation: Your magical capacity is low. (-10% MP)
                  | [potion of mutation]
 27797 | Lair:1   | Lost mutation: You are clumsy. (Dex -2) [potion of
                  | mutation]
 27797 | Lair:1   | Gained mutation: You have hidden genetic defects. [potion
                  | of mutation]
 27797 | Lair:1   | Gained mutation: You have large cloven feet. [potion of
                  | mutation]
 27797 | Lair:1   | Gained mutation: You are strong-willed. (Will+) [potion of
                  | mutation]
 28218 | Swamp:3  | Lost mutation: You are strong-willed. (Will+) [potion of
                  | mutation]
 28218 | Swamp:3  | Lost mutation: You have large cloven feet. [potion of
                  | mutation]
 28218 | Swamp:3  | Lost mutation: You have hidden genetic defects. [potion of
                  | mutation]
 28218 | Swamp:3  | Gained mutation: Your magical capacity is low. (-10% MP)
                  | [potion of mutation]
 28649 | Swamp:3  | Reached XP level 17. HP: 130/130 MP: 12/25
 29382 | Swamp:4  | Entered Level 4 of the Swamp
 30114 | Swamp:4  | Learned a level 5 spell: Irradiate
 30120 | Swamp:4  | Learned a level 5 spell: Borgnjor's Vile Clutch
 30193 | Swamp:4  | Reached skill level 1 in Necromancy
 30263 | Swamp:4  | Reached skill level 1 in Conjurations
 30297 | Swamp:4  | Reached skill level 15 in Transmutations
 30327 | Swamp:4  | Found a blossoming altar of Fedhas.
 30342 | Swamp:4  | Found a basalt altar of Yredelemnul.
 30354 | Swamp:4  | Got a decaying rune of Zot
 30641 | Snake:1  | Entered Level 1 of the Snake Pit
 30871 | Snake:1  | Noticed Nikola
 30887 | Snake:1  | Killed Nikola
 30999 | Snake:1  | Reached XP level 18. HP: 138/138 MP: 27/27
 31121 | Snake:1  | Noticed Azrael
 31131 | Snake:1  | Killed Azrael
 32853 | Snake:3  | Reached skill level 5 in Necromancy
 33355 | Snake:3  | Found Cifosair's Book Shoppe.
 34026 | Snake:4  | Entered Level 4 of the Snake Pit
 34333 | Snake:4  | Reached skill level 5 in Translocations
 34409 | Snake:4  | Noticed Aizul
 34436 | Snake:4  | Killed Aizul
 34682 | Snake:4  | Reached skill level 10 in Earth Magic
 34846 | Snake:4  | Reached XP level 19. HP: 146/146 MP: 28/28
 34906 | Snake:4  | Got a serpentine rune of Zot
 35690 | Orc:2    | Killed Brisketman's ghost
 35758 | Orc:2    | Bought a scroll of teleportation for 48 gold pieces
 35758 | Orc:2    | Bought a potion of ambrosia for 128 gold pieces
 35789 | Orc:2    | Bought a book of Lightning for 544 gold pieces
 35793 | Orc:2    | Learned a level 3 spell: Vhi's Electric Charge
 35871 | D:11     | Bought a scroll of fear for 44 gold pieces
 35871 | D:11     | Bought a scroll of blinking for 82 gold pieces
 35908 | D:11     | You paid a toll of 15 scrolls of teleportation to enter a
                  | treasure trove
 35909 | Trove    | Entered a treasure trove
 35915 | Trove    | Got the Reference Book on Rotting Contamination
 35918 | Trove    | Got Sif Muna's Vellum of Reformed Weather
 35937 | Trove    | Got Sif Muna's Opusculum on the Catacomb
 35939 | Trove    | Identified the staff "Rekkohor" {Fragile rPois rC+ Int+3
                  | Stlth+ Ice}
 35954 | Trove    | Identified the staff "Zuweajel" {rPois Str+4 Poison}
 36009 | D:11     | Bought the ring of Bodet {Wiz rElec rN+} for 674 gold
                  | pieces
 36010 | D:11     | Bought the ring "Ihugos" {rC+ rN+ Stlth+} for 546 gold
                  | pieces
 36265 | Vaults:1 | Entered Level 1 of the Vaults
 36275 | Vaults:1 | Found a runed translucent door.
 36323 | Vaults:1 | Identified the +4 sling of Slime {freeze, *Corrode rN++
                  | Str+2 SInv}
 36363 | Vaults:1 | Reached skill level 10 in Hexes
 36425 | Vaults:1 | Reached skill level 1 in Air Magic
 36528 | Vaults:1 | Found Jainte Kosch's Assorted Antiques.
 38797 | Vaults:2 | Reached XP level 20. HP: 154/154 MP: 27/30
 38804 | Vaults:2 | Reached skill level 10 in Spellcasting
 39469 | Vaults:3 | Reached skill level 5 in Air Magic
 39950 | Vaults:3 | Noticed Donald
 39963 | Vaults:3 | Killed Donald
 40017 | Vaults:3 | Found a staircase to the Crypt.
 40017 | Vaults:3 | Found an ancient bone altar of Kikubaaqudgha.
 40017 | Vaults:3 | Found a basalt altar of Yredelemnul.
 40025 | Crypt:1  | Entered Level 1 of the Crypt
 40155 | Vaults:3 | Noticed Saint Roka
 40166 | Vaults:3 | Killed Saint Roka
 40244 | Vaults:3 | Identified the +0 morningstar of the Gloaming {freeze,
                  | Contam Str+8 Dex-2}
 41925 | Vaults:4 | Identified the amulet "Atsuramn" {Spirit Will+ Int+3 Dex-5
                  | SInv}
 41992 | Vaults:4 | Identified the ring of Birdsong {Drain rF+ AC+4 Int+2}
 42221 | Vaults:4 | Reached XP level 21. HP: 150/159 MP: 31/31
 43214 | Crypt:1  | Identified the orb "Acufyck" {light, Contam rElec rC-
                  | Stlth+}
 43864 | Crypt:2  | Identified the +2 pair of gloves "Padeos" {-Tele Str+9
                  | Slay-5}
 44177 | Crypt:2  | Noticed Zenata
 44193 | Crypt:2  | Killed Zenata
 44372 | Crypt:2  | Found a basalt altar of Yredelemnul.
 44631 | Crypt:3  | Entered Level 3 of the Crypt
 44648 | Crypt:3  | Reached skill level 15 in Dodging
 44780 | Crypt:1  | Found an ancient bone altar of Kikubaaqudgha.
 44805 | Crypt:1  | Identified the +8 rapier of Spite {flame, rC+ Int+2 SInv}
 45652 | Crypt:3  | Noticed a profane servitor
 45660 | Crypt:3  | Killed a profane servitor
 45685 | Crypt:3  | Noticed a curse toe
 45695 | Crypt:3  | Killed a curse toe
 45738 | Crypt:3  | Found an ancient bone altar of Kikubaaqudgha.
 45746 | Crypt:3  | Found a basalt altar of Yredelemnul.
 45821 | Crypt:3  | Identified the +8 great sword of Uncertain Death {heavy,
                  | rElec Will+ Int+5}
 46024 | Crypt:3  | Found a staircase to the Tomb.
 46201 | Crypt:3  | Reached XP level 22. HP: 169/169 MP: 24/33
 46265 | Crypt:3  | Identified the +2 hand axe "Xom's Wantonness" {heavy,
                  | *Corrode rN+ Dex+4}
 46700 | Elf:1    | Entered Level 1 of the Elven Halls
 46738 | Elf:1    | Learned a level 5 spell: Alistair's Intoxication
 47126 | Elf:1    | Noticed Agnes
 47133 | Elf:1    | Killed Agnes
 47742 | Elf:2    | Paralysed by an air elemental for 1 turns
 48108 | Elf:2    | Found a runed translucent gate.
 48244 | Elf:2    | Found a runed translucent gate.
 48245 | Elf:2    | Found a runed translucent gate.
 48838 | Elf:3    | Entered Level 3 of the Elven Halls
 49718 | Elf:3    | Identified the +1 morningstar "Caocku" {freeze, rF+ Str-5
                  | SInv}
 49836 | Elf:3    | Identified the +2 leather armour of Teorri {Drain rCorr
                  | MP+9 Int+5}
 49915 | Elf:3    | Found the +7 Spriggan's Knife {stab, EV+4 Stlth+}
 49918 | Elf:3    | Identified the +4 ring mail of Indomitability {Stlth+}
 49924 | Elf:3    | Identified the +3 rapier "Plog" {flame, +Blink Dex+3}
 49925 | Elf:3    | Identified the +6 long sword "Evvir" {flame, Drain rPois
                  | rF+ Int+2}
 49925 | Elf:3    | Found the +8 whip "Snakebite" {venom, curare, rPois}
 49935 | Elf:3    | Identified the staff "Heddughidim" {rN+ Earth}
 49954 | Elf:3    | Identified the +6 scale mail of Dawn {Will++ Dex-2}
 49955 | Elf:3    | Identified the +7 ring mail of Fadoz {rC- Dex+5}
 49967 | Elf:3    | Reached skill level 10 in Air Magic
 49980 | Elf:3    | Got the Encyclopedia of Liberalism
 50013 | Elf:3    | Identified the +1 chain mail of the Apothecary {Str-5
                  | Dex+8}
 50278 | Elf:3    | Identified the -1 cloak of Fedhas's Esteem {Harm +Blink
                  | Will++ Str-2}
 51680 | Depths:1 | Reached skill level 10 in Shields
 52022 | Depths:1 | Reached XP level 23. HP: 177/177 MP: 12/34
 52121 | Depths:2 | Learned a level 5 spell: Silence
 52305 | Depths:2 | Found a gateway to Hell.
 52393 | Depths:2 | Noticed a dread lich
 52396 | Depths:2 | Found a one-way gateway to a ziggurat.
 52414 | Depths:2 | Killed a dread lich
 52415 | Depths:2 | Reached skill level 15 in Hexes
 52677 | Depths:2 | Noticed a caustic shrike
 52684 | Depths:2 | Killed a caustic shrike
 52694 | Depths:2 | Identified the staff of Ambiguity {rElec Str+2 Air}
 53271 | Depths:2 | Noticed Sojobo
 53283 | Depths:2 | Killed Sojobo
 53368 | Depths:2 | Found a one-way gate leading to the halls of Pandemonium.
 54103 | Depths:3 | Identified the +6 short sword "Starlight" {heavy, Fly rPois
                  | Will+ Dex-2}
 54393 | Depths:3 | Noticed Parghit
 54420 | Depths:3 | Killed Parghit
 54620 | Depths:4 | Entered Level 4 of the Depths
 54937 | Depths:4 | Noticed Mennas
 54955 | Depths:4 | Mangled by Mennas

Illustrated notes

Levels and vault maps discovered:
D:1:      wander_arrival_chamber, layout_loops_ring, serial_shops,
          nicolae_shop_just_a_little_nook, shop
D:2:      layout_loops_cross, uniq_crazy_yiuf_cottage
D:3:      layout_basic, nicolae_sif_muna_condensation
D:4:      cheibrodos_barr_body, layout_basic, nicolae_hepliaklqana_hazy_memory,
          serial_shops, shop, uniq_eustachio
D:5:      layout_loops_corners, minmay_overflow_temple_star_quad,
          minmay_temple_entry_statues_fountains, dreamdust_wishing_well,
          sigmund_army, uniq_edmund, uniq_ijyb
D:6:      layout_gridville, serial_shops, nicolae_shop_just_a_little_nook,
          grunt_decor_arrowhead
D:7:      layout_basic, enter_ossuary_5, uniq_prince_ribbit1, uniq_pikel,
          uniq_maggie
D:8:      layout_basic, erik_lair_island, due_unseen_surprise
D:9:      layout_irregular_city, lemuel_crystal_altar
D:10:     cheibrodos_shockbox, layout_layer_cave, mainiacjoe_overflow_chevrons,
          orc_0_dummy, serial_shops, nicolae_shop_tiny_waterfront, uniq_lodul,
          uniq_fannar
D:11:     minmay_razor_zed, layout_rooms, serial_shops, kennysheep_mini,
          nicolae_shop_tiny_statue_garden, nicolae_trove_entry_free_sample,
          serial_curves, eino_curves_04, eino_curves_04,
          nicolae_shop_unique_rings, minmay_fractal_squares_5
D:12:     layout_roguey, gauntlet_entry_generic, gammafunk_ghost_abyssal_escape
D:13:     layout_irregular_city, david_vaults_4, nicolae_shop_gadgets,
          uniq_josephine, uniq_nessos
D:14:     layout_roguey, nicolae_elevator_lobby_asterisk, slow_altar_1
D:15:     grunt_enter_depths_snipers, layout_gridville,
          roderic_lattice_octagonal_star, nicolae_vehumet_altar_sigil,
          uniq_roxanne
Temple:   bh_familiar_temple
Lair:1:   layout_gridlike, serial_bayou_shore_b
Lair:2:   layout_regular_city, nicolae_swamp_entry_splash_gauntlet,
          grunt_megastairs_4
Lair:3:   layout_cave_shapes, nicolae_snake_entry_squirm, basic_altar,
          minmay_stone_trees_medium, grunt_megastairs_2
Lair:4:   layout_roguey, slime_entry_1, portal_ice_cave_rime, basic_altar,
          uniq_kirke, uniq_sonja
Lair:5:   gammafunk_lair_ancient_temple, layout_concentric_octagons, pond,
          uniq_snorg
Swamp:1:  nicolae_swamp_decorative_isthmus, layout_basic_swamp,
          evilmike_swamp_ruin_wall, uniq_jorgrun
Swamp:2:  layout_basic_swamp, evilmike_swamp_ruin_house_5, swamp_pool2
Swamp:3:  cheibrodos_swamp_mausoleum, layout_basic_swamp,
          nicolae_swamp_dense_foliage
Swamp:4:  byrel_swamp_growth_death_and_undeath, layout_basic_swamp
Snake:1:  cheibrodos_snake_ritualist_ritual, layout_misc_corridors,
          statue_in_the_mist_lemuel, st_stairs_4, uniq_nikola, uniq_azrael
Snake:2:  nicolae_snake_attic_fulla_snakes, layout_gridlike,
          nicolae_snake_ghostly_warrior_ritual, grunt_megastairs_1,
          serial_bayou_shore_a
Snake:3:  layout_chambers, serial_shops, nicolae_shop_tiny_glass,
          nicolae_integral_box
Snake:4:  snake_pit, layout_cave_town, uniq_aizul
Orc:1:    cheibrodos_orc_arena, layout_caves, nicolae_orc_crystal_geode
Orc:2:    st_orc_open, layout_caves, gammafunk_ghost_berserking_beasts
Elf:1:    layout_gridlike, minmay_elf_demonology, dreamdust_mushroom_princess,
          uniq_agnes
Elf:2:    nicolae_elf_blades_crystal_corner, layout_loops_ring,
          nicolae_elf_variegated_diamond
Elf:3:    minmay_elf_hall_quartered_circle, layout_loops_corners
Vaults:1: nicolae_vaults_little_squares_3, nicolae_vaults_oozy_zoo,
          vaults_dpeg_emergency_exit, ontoclasm_vaults_claustrophobia,
          nicolae_vaults_lightning_bolt, nicolae_vaults_trapezoid_lopsided_1,
          ontoclasm_vaults_ring_square, nicolae_vaults_hallways_thing,
          hangedman_vaults_stitches, nicolae_vaults_yaktaur_gun_rack,
          ontoclasm_vaults_spin, nicolae_vaults_ninety_degrees,
          hangedman_vaults_nails, layout_vaults_maze, serial_shops,
          nicolae_shop_overgrown_old_shop
Vaults:2: vaults_mumra_chevron, nicolae_vaults_offset_grid_hallway_4,
          nicolae_vaults_branching_niches, grunt_vaults_swirl,
          nicolae_vaults_diamond_2, vaults_room_hallway,
          nicolae_vaults_tangram_1, v_alt_pattern_6, nicolae_vaults_diamond_1,
          vaults_dpeg_hooks, layout_vaults_chaotic_city
Vaults:3: minmay_crypt_entry_necro_gods, ontoclasm_vaults_tryst,
          nicolae_vaults_big_ls, v_misc_27,
          nicolae_vaults_shipping_containers_5, hangedman_vaults_corner_blocks,
          nicolae_vaults_apartment_2, v_misc_30, v_misc_18,
          hangedman_vaults_trim, grunt_vaults_focal,
          nicolae_vaults_diagonal_hallway_7, nicolae_vaults_closet_pinwheel_1,
          nicolae_vaults_little_squares_5, ontoclasm_vaults_twist,
          ontoclasm_vaults_gateway, vaults_dpeg_encased_lava,
          layout_vaults_ring, uniq_donald, uniq_saint_roka
Vaults:4: nicolae_vaults_shelves_hall, ontoclasm_vaults_ring_large,
          nicolae_vaults_offset_grid_hallway_2, v_misc_12,
          nicolae_vaults_little_squares_5, vaults_room_fours, st_eye,
          nicolae_vaults_mini_display_case, layout_vaults_omnigrid
Crypt:1:  cheibrodos_crypt_eye_of_stone, layout_misc_corridors,
          grunt_crypt_arrival_webbed
Crypt:2:  layout_misc_corridors, basic_altar, minivault_23, uniq_zenata
Crypt:3:  lightli_unholy_cathedral, layout_chaotic_city,
          nicolae_tomb_entry_unfolded_pyramid_diagonal
Depths:1: layout_cross, hellmouth_2, infiniplex_enter_wizlab_spiral,
          serial_shops, shop, minivault_14, tso_altar
Depths:2: minmay_mutant_horseshoe, layout_gridlike, enter_ziggurat_d,
          pf_hell_entry_tar_river, abyss_entry_small_statue_room,
          grunt_pan_entry_zigzag, minmay_strange_pillars, uniq_josephina,
          uniq_sojobo
Depths:3: nicolae_moon_pools, layout_cave_pools, hell_entry,
          hangedman_abyss_entry_splay, minmay_misc_feat_secret_circle,
          minmay_staircase_windowed_large, uniq_parghit
Depths:4: evilmike_zot_entry_basic, layout_basic, pf_vacation_house_of_asmodeus,
          chequers_serial_rivers_micro_d, rand_demon_pan_entry_4,
          grunt_decor_junction, lightli_minifort, minmay_shop_grove, uniq_mennas

Skill      XL: |  1  2  3  4  5  6  7  8  9 10 11 12 13 14 15 16 17 18 19 20 21 22 23 |
---------------+----------------------------------------------------------------------+-----
Unarmed Combat | 4 5 6 7 8 9 10 11 12 13 14 15 16 17 18 19 20 | 20.2
Fighting       | 1 2 3 4 5 6 7 8 10 11 12 13 | 13.8
Poison Magic   | 1 3 |  3.8
Transmutations | 3 4 5 6 7 8 9 10 12 14 15 16 17 18 | 18.8
Stealth        | 2 4 7 8 10 12 13 14 | 14.0
Dodging        | 4 5 6 7 8 9 11 12 13 14 15 | 15.2
Armour         | 1 3 4 5 6 |  6.0
Spellcasting   | 3 4 6 7 8 9 10 11 13 | 13.6
Invocations    | 2 3 4 5 |  5.0
Shields        | 5 6 8 10 | 10.0
Ice Magic      | 3 |  3.0
Earth Magic    | 4 8 9 10 11 12 | 12.2
Hexes          | 6 8 9 10 11 12 13 20 | 20.9
Translocations | 2 4 5 6 |  6.0
Necromancy     | 3 6 8 |  8.0
Conjurations   | 2 4 |  4.0
Air Magic      | 4 6 8 10 | 10.0

Action                     |  1- 3 |  4- 6 |  7- 9 | 10-12 | 13-15 | 16-18 | 19-21 | 22-24 || total
---------------------------+-------+-------+-------+-------+-------+-------+-------+-------++-------
  Melee: Unarmed           |   110 |   133 |   312 |   609 |  1002 |  1170 |  1155 |   557 ||  5048
         Kick              |    15 |    11 |       |    15 |       |    12 |       |       ||    53
         Headbutt          |    16 |     6 |     1 |     8 |       |       |       |       ||    31
         Bite              |     8 |     3 |    19 |    61 |    16 |   171 |   260 |   102 ||   640
         Punch             |     2 |     2 |     7 |    15 |     1 |       |       |       ||    27
   Cast: Beastly Appendage |    17 |    12 |     1 |     2 |       |       |       |       ||    32
         Spider Form       |       |     5 |    28 |    23 |     6 |       |       |       ||    62
         Wereblood         |       |       |       |    14 |    11 |       |       |       ||    25
         Ice Form          |       |       |       |     1 |    98 |    40 |     2 |       ||   141
         Passwall          |       |       |       |       |     3 |       |       |       ||     3
         Statue Form       |       |       |       |       |       |    77 |    74 |    63 ||   214
         Cause Fear        |       |       |       |       |       |     2 |       |     1 ||     3
         Lesser Beckoning  |       |       |       |       |       |    27 |    28 |    14 ||    69
         Irradiate         |       |       |       |       |       |    11 |    38 |    24 ||    73
         Borgnjor's Vile C |       |       |       |       |       |     6 |    35 |    60 ||   101
         Blink             |       |       |       |       |       |     1 |     2 |       ||     3
         Vhi's Electric Ch |       |       |       |       |       |       |    13 |    33 ||    46
         Alistair's Intoxi |       |       |       |       |       |       |       |    20 ||    20
         Silence           |       |       |       |       |       |       |       |     1 ||     1
 Invoke: Recall Ancestor   |       |       |     1 |     8 |     8 |     6 |     8 |     2 ||    33
         Ancestor Life: He |       |       |     1 |       |       |       |       |       ||     1
Ability: End Transformatio |       |       |       |     1 |     1 |     4 |     3 |       ||     9
         Exsanguinate      |       |       |       |     1 |     1 |       |       |       ||     2
         Revivify          |       |       |       |     1 |     1 |       |       |       ||     2
  Evoke: Wand              |       |       |       |    11 |     9 |     6 |     4 |       ||    30
         Phial of floods   |       |       |       |       |     1 |       |       |       ||     1
         Condenser vane    |       |       |       |       |       |     2 |     1 |       ||     3
    Use: Potion            |       |     1 |     1 |     2 |     4 |     6 |     3 |     2 ||    19
         Scroll            |       |     1 |    15 |     9 |     7 |     6 |     2 |     2 ||    42
   Stab: Sleeping          |     2 |       |     6 |     5 |     9 |     8 |    12 |     5 ||    47
         Distracted        |       |     1 |     2 |    19 |    25 |    30 |    18 |     9 ||   104
         Confused          |       |       |     3 |    30 |    30 |    19 |   116 |    39 ||   237
         Petrified         |       |       |       |       |     2 |       |       |       ||     2
         Petrifying        |       |       |       |       |     1 |       |       |       ||     1
         Paralysed         |       |       |       |       |    33 |   102 |   100 |    22 ||   257
         Invisible         |       |       |       |       |     6 |    63 |    26 |    10 ||   105
 Armour: Robe              |     8 |    11 |     8 |     1 |     5 |       |    12 |    12 ||    57
         Skin              |       |     9 |    13 |    13 |   163 |   349 |   272 |   248 ||  1067
         Leather armour    |       |       |    37 |     1 |       |       |       |       ||    38
         Swamp dragon scal |       |       |       |    90 |       |       |       |       ||    90
         Troll leather arm |       |       |       |       |     6 |    12 |     5 |       ||    23
  Dodge: Dodged            |    61 |    90 |   229 |   382 |   828 |  1739 |  1259 |   506 ||  5094
  Block: Other             |       |       |    12 |    78 |     9 |       |       |       ||    99
         Reflection        |       |       |     1 |     4 |       |       |       |    12 ||    17
         Buckler           |       |       |       |    73 |    27 |   522 |   520 |    18 ||  1160
         Kite shield       |       |       |       |       |       |       |       |   296 ||   296

Table legend: (Time is in decaauts)
 A = Elapsed time spent in this place.
 B = Non-inter-level travel time spent in this place.
 C = Inter-level travel time spent in this place.
 D = Time resting spent in this place.
 E = Time spent auto-exploring this place.
 F = Levels seen in this place.
 G = Mean time per level.
                   A        B        C        D        E       F      G
               +--------+--------+--------+--------+--------+-----+--------+
         Total |  59645 |  53970 |   5675 |   3946 |  32168 |  50 | 1192.9 |
       Dungeon |  16737 |  14270 |   2467 |    676 |   9698 |  15 | 1115.8 |
        Temple |    177 |    158 |     19 |      0 |    154 |   1 |  177.0 |
          Lair |   6205 |   5279 |    926 |    228 |   3261 |   5 | 1241.0 |
         Swamp |   4581 |   4268 |    313 |    411 |   1701 |   4 | 1145.2 |
     Snake Pit |   5689 |   5446 |    243 |    228 |   3775 |   4 | 1422.2 |
  Orcish Mines |   2072 |   1695 |    377 |    174 |    706 |   2 | 1036.0 |
   Elven Halls |   5058 |   4739 |    319 |    377 |   3050 |   3 | 1686.0 |
        Vaults |   7113 |   6629 |    484 |    270 |   4573 |   4 | 1778.2 |
         Crypt |   4802 |   4392 |    410 |    401 |   2196 |   3 | 1600.7 |
        Depths |   4496 |   4383 |    113 |    287 |   2756 |   4 | 1124.0 |
         Trove |     66 |     66 |      0 |      0 |      0 |   1 |   66.0 |
       Ossuary |    180 |    180 |      0 |      0 |     98 |   1 |  180.0 |
      Ice Cave |    196 |    196 |      0 |    120 |      0 |   1 |  196.0 |
        Wizlab |   1807 |   1807 |      0 |    721 |    171 |   1 | 1807.0 |
      Gauntlet |    459 |    459 |      0 |     51 |     27 |   1 |  459.0 |
               +--------+--------+--------+--------+--------+-----+--------+

Top non-repeatable levels by time:
   Elf:3: 2066 daAuts
Vaults:3: 2023 daAuts
    D:10: 1980 daAuts
Vaults:1: 1845 daAuts
  WizLab: 1807 daAuts
 Crypt:1: 1797 daAuts
Depths:2: 1788 daAuts
Vaults:2: 1751 daAuts
 Crypt:3: 1721 daAuts
    D:11: 1709 daAuts
 Snake:3: 1705 daAuts
   Elf:2: 1669 daAuts
     D:5: 1579 daAuts
 Snake:4: 1574 daAuts
 Snake:2: 1508 daAuts
